 Dungeon Crawl Stone Soup version 0.22.0-6-g71bd7aa (webtiles) character file.

61 digijack the Grave Robber (level 4, 0/32 HPs)
             Began as a Formicid Necromancer on Aug 15, 2018.
             Succumbed to an adder's poison
             ... on level 1 of the Dungeon.
             The game lasted 00:11:38 (1342 turns).

digijack the Grave Robber (Formicid Necromancer)    Turns: 1342, Time: 00:11:38

Health: 0/32       AC:  6    Str: 13    XL:     4   Next: 27%
Magic:  0/8        EV: 11    Int: 17    God:
Gold:   81         SH:  0    Dex: 12    Spells: 6/8 levels left

rFire    . . .     SeeInvis +   n - +0 lajatang
rCold    . . .     Gourm    .   (no shield)
rNeg     . . .     Faith    .   d - +1 ring mail
rPois    .         Spirit   .   (helmet unavailable)
rElec    .         Reflect  .   (no cloak)
rCorr    .         Harm     .   (no gloves)
MR       .....                  (no boots)
Stlth    ++........             (no amulet)
HPRegen  0.10/turn              f - +3 ring of intelligence
MPRegen  0.11/turn              (no ring)

@: lethally poisoned (0 -> -4)
A: permanent stasis, dig shafts and tunnels, four strong arms, antennae 3
a: Dig, Shaft Self


You were on level 1 of the Dungeon.
You were not hungry.

You visited 1 branch of the dungeon, and saw 2 of its levels.

You collected 81 gold pieces.

Inventory:

Hand Weapons
 n - a +0 lajatang (weapon)
Missiles
 e - 34 stones (quivered)
Armour
 d - a +1 ring mail (worn)
Jewellery
 f - a +3 ring of intelligence (left hand)
Comestibles
 a - a chunk of flesh
 c - 4 rations


   Skills:
 + Level 1.5 Fighting
 + Level 0.6 Staves
 + Level 1.2 Armour
 - Level 1.8 Dodging
 + Level 3.1 Stealth
 + Level 2.6 Spellcasting
 + Level 4.2 Necromancy


You had 6 spell levels left.
You knew the following spells:

 Your Spells              Type           Power        Failure   Level  Hunger
a - Pain                  Necr           ###.         7%          1    #......
b - Animate Skeleton      Necr           N/A          7%          1    #......

Your spell library contained the following spells:

 Spells                   Type           Power        Failure   Level  Hunger
 Animate Dead             Necr           N/A          54%         4    #####..
 Vampiric Draining        Necr           ###.......   21%         3    ###....
 Regeneration             Chrm/Necr      #.........   43%         3    ###....


Dungeon Overview and Level Annotations

Branches:
Dungeon (2/15)

Altars:


Innate Abilities, Weirdness & Mutations

You cannot be hasted, slowed, berserked, paralysed or teleported.
You can dig through walls and to a lower floor.
Your four strong arms can wield two-handed weapons with a shield.
You have a pair of large antennae on your head. (SInv)


Message History

Aim: an adder (blue smoke, moderately wounded, chance to defeat MR: 81%)
The adder writhes in agony!
* * * LOW HITPOINT WARNING * * *
You feel sick. The adder bites you but does no damage.
You miss the adder.
The adder is almost dead.
* * * LOW HITPOINT WARNING * * *
You feel sick. The adder barely misses you.
The adder bites you but does no damage.
You miss the adder.
The adder is almost dead.
The adder barely misses you. The adder bites you but does no damage.
You barely miss the adder.
The adder is almost dead.
* * * LOW HITPOINT WARNING * * *
You feel sick. The adder barely misses you.
The adder bites you but does no damage.
You hit the adder.
You kill the adder!
You die...

############ #.....§§...#
#..........# ##########
#..@.§§§...#
#........#####.§§§§§)...#
...............§§§§§....#
#.####.#.#.....§§§§§§...#
.....#.#.#.###.§§§......#
#..).....#.# #....[.....#
.....#.###.###..........#
.....#.# #.#.(.##########
.....#.# #.#.#.#


There were no monsters in sight!

Vanquished Creatures
  2 gnolls (D:2)
  An adder (D:1)
  3 bats (D:1)
  2 giant cockroaches (D:1)
  5 goblins
  3 hobgoblins
  6 kobolds
  A ball python (D:1)
  4 frilled lizards
  4 rats
31 creatures vanquished.

Vanquished Creatures (collateral kills)
  A goblin (D:1)
  A kobold (D:1)
  A bat (D:1)
3 creatures vanquished.

Grand Total: 34 creatures vanquished

Notes
Turn   | Place    | Note
-------+----------+-------------------------------------------
     0 | D:1      | digijack the Formicid Necromancer began the quest for the Orb.
     0 | D:1      | Reached XP level 1. HP: 13/13 MP: 3/3
     2 | D:1      | Learned a level 1 spell: Animate Skeleton
   331 | D:1      | Reached XP level 2. HP: 18/20 MP: 1/5
   826 | D:1      | Reached skill level 1 in Fighting
   898 | D:1      | Reached XP level 3. HP: 25/26 MP: 4/6
  1301 | D:2      | Reached skill level 1 in Armour
  1309 | D:2      | Reached XP level 4. HP: 25/32 MP: 0/7
  1340 | D:1      | HP: 1/32 [poisoned by an adder]
  1342 | D:1      | Succumbed to an adder's poison

Skill      XL: |  1  2  3 |
---------------+----------+-----
Fighting       | 1 |  1.5
Stealth        | 3 |  3.1
Armour         | 1 |  1.2
Staves         | |  0.6
Dodging        | |  1.8
Spellcasting   | |  2.6
Necromancy     | |  4.2

Action                   |  1- 3 |  4- 6 || total
-------------------------+-------+-------++-------
Melee: Unarmed           |     8 |       ||     8
       Lajatang          |     1 |     6 ||     7
       Short sword       |     1 |       ||     1
 Cast: Pain              |    54 |     4 ||    58
       Animate Skeleton  |    10 |       ||    10
  Use: Scroll            |     4 |     1 ||     5
       Potion            |     4 |       ||     4
  Eat: Chunk             |     2 |       ||     2
Armor: Robe              |     5 |       ||     5
       Ring mail         |     3 |    10 ||    13
Dodge: Dodged            |    11 |     8 ||    19
